 Dungeon Crawl Stone Soup version 0.27.0-1-g7a089689b8 (webtiles) character file.

Game seed: 3033046407826789745

7 horus123 the Magician (level 1, 0/10 HPs)
             Began as a Deep Elf Hedge Wizard on Aug 14, 2021.
             Slain by a quokka (1 damage)
             ... on level 1 of the Dungeon.
             The game lasted 00:00:44 (275 turns).

horus123 the Magician (Deep Elf Hedge Wizard)        Turns: 275, Time: 00:00:45

Health: 0/10       AC:  2    Str:  7    XL:     1   Next: 83%
Magic:  1/8        EV: 12    Int: 18    God:
Gold:   0          SH:  0    Dex: 14    Spells: 8/9 levels left

rFire    . . .     SeeInvis .   a - +0 dagger
rCold    . . .     Faith    .   (no shield)
rNeg     . . .     Spirit   .   b - +0 robe
rPois    .         Reflect  .   c - +0 hat
rElec    .         Harm     .   (no cloak)
rCorr    .         Rampage  .   (no gloves)
Will     .....                  (no boots)
Stlth    ++........             (no amulet)
HPRegen  0.03/turn              (no ring)
MPRegen  0.11/turn              (no ring)

@: no status effects
A: no striking features
a: no special abilities


You were on level 1 of the Dungeon.
You visited 1 branch of the dungeon, and saw 1 of its levels.

Inventory:

Hand Weapons
 a - a +0 dagger (weapon)
Armour
 b - a +0 robe (worn)
 c - a +0 hat (worn)
Scrolls
 d - a scroll of teleportation {unknown}
Potions
 e - a potion of degeneration {unknown}


   Skills:
 + Level 2.6 Dodging
 + Level 2.4 Stealth
 * Level 4.9 Spellcasting
 + Level 1.1 Conjurations
 + Level 1.1 Summonings
 + Level 1.1 Translocations


You had 8 spell levels left.
You knew the following spells:

 Your Spells              Type           Power      Damage    Failure   Level
a - Magic Dart            Conj           32%        1d4       9%          1

Your spell library contained the following spells:

 Spells                   Type           Power      Damage    Failure   Level
 Blink                    Tloc           N/A        N/A       13%         2
 Call Imp                 Summ           8%         N/A       13%         2
 Slow                     Hex            4%         N/A       21%         2
 Conjure Flame            Conj/Fire      6%         6-21      32%         3
 Mephitic Cloud           Conj/Pois/Air  5%         N/A       34%         3


Dungeon Overview and Level Annotations

Branches:
Dungeon (1/15)

Altars:


Message History

The ball python constricts you.
The ball python's grasp on you weakens, but your attempt to escape fails.
The ball python bites you but does no damage.
The ball python constricts you.
You escape the ball python's grasp.
An endoplasm comes into view.
The endoplasm hits you but does no damage.
The ball python misses you. The ball python barely misses you.
The magic dart hits the ball python.
You kill the ball python!
The magic dart hits the endoplasm.
The endoplasm is moderately wounded.
The endoplasm freezes you.
You are frozen.
The magic dart hits the endoplasm.
The endoplasm is heavily wounded.
The endoplasm closely misses you.
The magic dart hits the endoplasm.
You kill the endoplasm!
The magic dart hits the goblin.
The goblin is heavily wounded.
The goblin barely misses you.
The magic dart hits the goblin.
You kill the goblin!
The magic dart hits the quokka.
The quokka is moderately wounded.
The quokka bites you.
The magic dart hits the quokka but does no damage.
The quokka is moderately wounded.
The quokka bites you.
* * * LOW HITPOINT WARNING * * *
The quokka bites you.
* * * LOW HITPOINT WARNING * * *
You barely miss the quokka. The quokka bites you.
* * * LOW HITPOINT WARNING * * *
You closely miss the quokka. The quokka barely misses you.
The quokka closely misses you.
You hit the quokka but do no damage. The quokka barely misses you.
You closely miss the quokka. The quokka bites you.
You die...

## #.#.## #
###.#..# .
...##.# # #..##.#
# #..##.#
####..##.########
#.....).....)..J#
#.##..#..#.####r#
#..#..#.# #@#
#.##.g#.#
#......#
#.....#.#
######.#
#.###J#.#
.#.##.###r#.#
....J.g...#.#
##......###
...........
###.....####


You could see an endoplasm and a quokka.

Vanquished Creatures
  3 ball pythons (D:1)
  An endoplasm (D:1)
  A giant cockroach (D:1)
  A goblin (D:1)
6 creatures vanquished.

Notes
Turn   | Place    | Note
-------+----------+-------------------------------------------
     0 | D:1      | horus123 the Deep Elf Hedge Wizard began the quest for the
                  | Orb.
     0 | D:1      | Reached XP level 1. HP: 10/10 MP: 7/7
   275 | D:1      | Slain by a quokka

Illustrated notes

Levels and vault maps discovered:
D:1:      minmay_arrival_loop, layout_loops_ring, grunt_decor_one_mirror

Action                   || total
-------------------------++-------
Melee: Dagger            ||     4
 Cast: Magic Dart        ||    16
Armor: Robe              ||     2
Dodge: Dodged            ||     9
